 Dungeon Crawl Stone Soup version 0.30-a0-1124-g6e8f0f562f (webtiles) character file.

Game seed: 4074259294323461013

121 CryoSword the Shooter (level 5, 0/44 HPs)
             Began as a Naga Hexslinger on Apr 22, 2023.
             Slain by a cerulean imp
             ... wielding a +0 spear
             ... summoned by Natasha
              (2 damage)
             ... on level 2 of the Dungeon.
             The game lasted 00:04:26 (2593 turns).

CryoSword the Shooter (Naga Hexslinger)             Turns: 2593, Time: 00:04:27

Health: 0/44       AC:  2    Str: 13    XL:     5   Next: 5%
Magic:  4/6        EV: 10    Int: 13    God:
Gold:   138        SH:  0    Dex: 13    Spells: 5/6 levels left

rFire   . . .        a - +1 sling
rCold   . . .        (no shield)
rNeg    . . .        c - +0 robe
rPois   +            (no helmet)
rElec   .            (no cloak)
rCorr   .            (no gloves)
SInv    +            (no barding)
Will    .....        e - amulet of the acrobat
Stlth   +            m - ring of flight
HPRegen 0.27/turn    (no ring)
MPRegen 0.10/turn

%: acrobat
@: flying, very slow
A: AC +1, large, see invisible, deformed body, poison resistance, slowness 2,
spit poison 1, naga tail 1
a: Spit Poison


You were on level 2 of the Dungeon.
You visited 1 branch of the dungeon, and saw 3 of its levels.

You collected 138 gold pieces.

Inventory:

Hand Weapons
 a - a +1 sling (weapon)
Missiles
 q - 5 poisoned darts (quivered)
Armour
 c - a +0 robe (worn)
Jewellery
 e - an amulet of the acrobat (around neck)
   (You found it on level 1 of the Dungeon)
 m - a ring of flight (left hand)
   (You found it on level 1 of the Dungeon)
Scrolls
 b - a scroll of poison
 d - a scroll of torment {unknown}
 f - a scroll of summoning {unknown}
 h - a scroll of fog {unknown}
 j - a scroll of immolation {unknown}
 l - a scroll of amnesia {unknown}
 r - a scroll of enchant weapon {unknown}
Potions
 i - a potion of might {unknown}
 k - a potion of mutation {!q}
 o - a potion of flight {unknown}
 p - a potion of lignification {unknown}
 s - a potion of curing {unknown}


   Skills:
 + Level 1.0 Fighting
 * Level 4.6 Ranged Weapons
 - Level 1.5 Dodging
 - Level 1.0 Spellcasting
 + Level 3.0 Hexes


You had 5 spell levels left.
You knew the following spells:

 Your Spells              Type           Power      Damage    Failure   Level
a - Slow                  Hex            32%        N/A       9%          1

Your spell library contained the following spells:

 Spells                   Type           Power      Damage    Failure   Level
 Freeze                   Ice            0%         1d3       28%         1
 Sting                    Tmut/Pois      0%         1d3       28%         1
 Summon Small Mammal      Summ           0%         N/A       28%         1
 Inner Flame              Hex/Fire       4%         N/A       41%         3
 Portal Projectile        Hex/Tloc       8%         N/A       41%         3
 Cause Fear               Hex            4%         N/A       63%         4


Dungeon Overview and Level Annotations

Branches:
Dungeon (3/15)

Altars:

Annotations:
D:2 Natasha
D:3 Ijyb


Innate Abilities, Weirdness & Mutations

Your serpentine skin is tough. (AC +1)
You have supernaturally acute eyesight. (SInv)
Armour fits poorly on your strangely shaped body.
Your system is resistant to poisons. (rPois)
You cover ground very slowly.
You can spit poison.
You have a snake-like lower body.


Message History

Natasha hisses angrily.
There is a stone staircase leading up here.
You fly upwards.
There is a stone staircase leading down here.
You start resting.
You fly downwards.
Level annotation: Ijyb, Natasha
There is a stone staircase leading up here.
You shoot a sling bullet. The sling bullet hits Natasha.
You shoot a sling bullet.
The sling bullet hits Natasha but does no damage.
Natasha mewls in sadness.
Natasha barely misses you.
You shoot a sling bullet. The sling bullet hits Natasha.
Natasha misses you.
You shoot a sling bullet.
The sling bullet closely misses Natasha.
An orc comes into view. It is wielding a +0 hand axe.
Natasha misses you.
You shoot a sling bullet.
The sling bullet closely misses Natasha.
Natasha claws you.
You shoot a sling bullet. The sling bullet hits Natasha.
Natasha claws you.
An orc comes into view. It is wielding a +0 hand axe.
Natasha claws you.
You are too injured to fight recklessly!
You are too injured to fight recklessly!
Natasha closely misses you.
You fly upwards.
There is a stone staircase leading down here.
Aim: Natasha (heavily wounded, 50% to hit)
The splash of poison hits Natasha!
You kill Natasha!
Natasha growls in agony!
Unknown command.
You start resting.
You have got your breath back.
You start resting.
Level map cleared.
There is a stone staircase leading down here.
There is an open door here.
There is an open door here.
There is an open door here.
There is an open door here.
Key pressed, stopping explore.
There is an open door here.
Could not explore, unopened door.
Could not explore, unopened door.
You reach down and open the door.
There is an open door here.
There is an open door here.
Could not explore, unopened door.
Could not explore, unopened door.
Could not explore, unopened door.
You reach down and open the door.
There is an open door here.
Natasha, Servant of Life and Death comes into view.
You shoot a sling bullet.
The sling bullet closely misses Natasha.
You shoot a sling bullet.
The sling bullet closely misses Natasha.
Aim: Natasha (50% to hit)
The splash of poison hits Natasha but does no damage.
You shoot a sling bullet.
The sling bullet hits Natasha but does no damage.
Natasha mumbles some strange words.
Natasha's front paws start to glow.
Natasha barely misses you.
You shoot a sling bullet. The sling bullet hits Natasha.
Natasha closely misses you.
You shoot a sling bullet. The sling bullet hits Natasha.
Natasha claws you.
You shoot a sling bullet. The sling bullet hits Natasha.
Natasha claws you.
You shoot a sling bullet.
The sling bullet closely misses Natasha.
Natasha casts a spell at you.
You feel yourself slow down. Natasha closely misses you.
Aim: Natasha (heavily wounded, chance to affect: 41%) Natasha resists with some effort.
You have got your breath back.
Natasha claws you.
You shoot a sling bullet. The sling bullet hits Natasha.
You kill Natasha!
Natasha screams in fury as she dies!
You have reached level 5!
You feel yourself speed up.
There is a stone staircase leading up here.
There is an open door here.
There is an open door here.
Natasha, Servant of Life and Death comes into view.
You shoot a sling bullet.
Natasha hisses angrily.
The sling bullet hits Natasha but does no damage.
Aim: Natasha (chance to affect: 41%) Natasha resists with some effort.
Natasha closely misses you.
You shoot a sling bullet. The sling bullet barely misses Natasha.
Natasha casts a spell.
Natasha claws you.
You shoot a sling bullet. The sling bullet hits Natasha.
Natasha wildly gestures.
Natasha shimmers violently.
Natasha claws you.
You shoot a sling bullet. The sling bullet hits Natasha.
The cerulean imp hits you from afar with a +0 spear.
Natasha claws you!
You are too injured to fight recklessly!
You are too injured to fight recklessly!
Aim: Natasha (moderately wounded, 50% to hit)
The splash of poison misses Natasha.
The splash of poison hits the cerulean imp.
The cerulean imp completely resists.
The cerulean imp hits you from afar with a +0 spear.
Natasha barely misses you.
Aim: Natasha (moderately wounded, chance to affect: 41%) Natasha seems to slow down.
The cerulean imp hits you from afar with a +0 spear.
Natasha claws you but does no damage.
Aim: Natasha (moderately wounded, slow, chance to affect: 41%) Natasha resists with some effort.
The cerulean imp barely misses you.
Aim: Natasha (moderately wounded, slow, chance to affect: 41%)
Okay, then.
Fire: a) +1 sling
Aim: Natasha (moderately wounded, slow, 50% to hit)
You shoot a sling bullet.
The sling bullet closely misses Natasha.
The sling bullet barely misses the cerulean imp.
You have got your breath back.
The cerulean imp hits you from afar with a +0 spear.
Natasha misses you.
Fire: a) +1 sling
Aim: Natasha (moderately wounded, slow, 50% to hit)
You shoot a sling bullet. The sling bullet hits Natasha.
The cerulean imp hits you from afar with a +0 spear.
* * * LOW HITPOINT WARNING * * *
Natasha claws you!
* * * LOW HITPOINT WARNING * * *
Fire: a) +1 sling
Aim: Natasha (severely wounded, slow, 50% to hit)
You shoot a sling bullet.
The sling bullet closely misses Natasha.
The sling bullet hits the cerulean imp!
The cerulean imp hits you from afar with a +0 spear.
* * * LOW HITPOINT WARNING * * *
Natasha claws you!
* * * LOW HITPOINT WARNING * * *
The cerulean imp hits you from afar with a +0 spear.
* * * LOW HITPOINT WARNING * * *
Aim: Natasha (severely wounded, slow, 50% to hit)
You fail to use your ability.
The cerulean imp hits you from afar with a +0 spear.
You die...

##....<..## #.#.#.#*,#
#.........###.....##.#
'.........'..........#
#.........####....####
##.......## ##.#.#
##.....## ###.#
##...## #..# ##'##
#.## #.# #@#
****#,#********#h#
*,,,,,,,,,,,,,,.5#
*(,,,,,,,*****#>.#
*,*,,,,,,* #..#
*,**,,,,,*****#..#
,,,,,,*,,**,,,...#
*,**,**,)**,**#.##
*,**,,,,,,,,***,*


You could see Natasha (slow) and a cerulean imp (summoned).

Vanquished Creatures
  Natasha (twice) (D:2)
  A dart slug (D:3)
  8 endoplasms
  2 giant cockroaches
  8 goblins
  2 hobgoblins
  12 jackals
  A quokka (D:2)
  7 ball pythons
  4 bats
  3 frilled lizards
  8 kobolds
  4 rats
62 creatures vanquished.

Notes
Turn   | Place    | Note
-------+----------+-------------------------------------------
     0 | D:1      | CryoSword the Naga Hexslinger began the quest for the Orb.
     0 | D:1      | Reached XP level 1. HP: 18/18 MP: 2/2
    15 | D:1      | Reached skill level 2 in Ranged Weapons
   105 | D:1      | Reached XP level 2. HP: 25/25 MP: 3/3
   530 | D:1      | Reached skill level 3 in Ranged Weapons
   718 | D:1      | Reached XP level 3. HP: 31/31 MP: 4/4
  1113 | D:2      | Got A Beginning Course on Witchery
  1817 | D:3      | Reached XP level 4. HP: 29/38 MP: 5/5
  1953 | D:3      | Reached skill level 4 in Ranged Weapons
  1985 | D:3      | Noticed Ijyb
  2044 | D:3      | Noticed Natasha
  2132 | D:2      | Killed Natasha
  2480 | D:2      | Noticed Natasha
  2490 | D:2      | Killed Natasha
  2491 | D:2      | Reached XP level 5. HP: 39/44 MP: 4/6
  2581 | D:2      | Noticed Natasha
  2592 | D:2      | HP: 1/44 [cerulean imp/+0 spear[Natasha] (4)]
  2593 | D:2      | Slain by a cerulean imp

Illustrated notes

Levels and vault maps discovered:
D:1:      dpeg_arrival_chambers_temple_mockup, layout_basic,
          minmay_misc_feat_more_columns
D:2:      layout_loops_corners, nrook_uturn
D:3:      kennysheep_goblin_castle, layout_rooms, fedhas_altar_fruit_tree,
          uniq_robin, uniq_natasha

Skill      XL: |  1  2  3  4 |
---------------+-------------+-----
Ranged Weapons | 2 3 4 |  4.6
Fighting       | |  1.0
Dodging        | |  1.5
Spellcasting   | |  1.0
Hexes          | |  3.0

Action                     |  1- 3 |  4- 6 || total
---------------------------+-------+-------++-------
  Melee: Sling             |       |     1 ||     1
   Fire: Sling             |   123 |    72 ||   195
   Cast: Slow              |       |     7 ||     7
Ability: Spit Poison       |     1 |     7 ||     8
    Use: Scroll            |     2 |     1 ||     3
         Potion            |       |     1 ||     1
 Armour: Robe              |    11 |     5 ||    16
  Dodge: Dodged            |    40 |    38 ||    78

Table legend: (Time is in decaauts)
 A = Elapsed time spent in this place.
 B = Non-inter-level travel time spent in this place.
 C = Inter-level travel time spent in this place.
 D = Time resting spent in this place.
 E = Time spent auto-exploring this place.
 F = Levels seen in this place.
 G = Mean time per level.
                   A        B        C        D        E       F      G
               +--------+--------+--------+--------+--------+-----+--------+
         Total |   3436 |   3313 |    123 |    131 |   2715 |   3 | 1145.3 |
       Dungeon |   3436 |   3313 |    123 |    131 |   2715 |   3 | 1145.3 |
               +--------+--------+--------+--------+--------+-----+--------+

Top non-repeatable levels by time:
     D:2: 1824 daAuts
     D:1: 1216 daAuts
     D:3: 395 daAuts
